TOP OF THE 1ST |
Cincinnati Pride batting - Pitching for Minnesota Death Stars : LHP Keith Jennings
|
Pitching: LHP Keith Jennings
|
|
Batting: RHB Roberto Chávez
|
0-0: Foul Ball, location: 2F 0-1: Ball 1-1: Foul Ball, location: 2F 1-2: Foul Ball, location: 2F 1-2: Ball 2-2: Foul Ball, location: 2F 2-2: Strikes out swinging
|
Batting: RHB Leonardo Pinto
|
0-0: Ball 1-0: Foul Ball, location: 2F 1-1: Called Strike 1-2: Foul Ball, location: 2F 1-2: Strikes out swinging
|
Batting: RHB Wilson Flores
|
0-0: Ball 1-0: Ball 2-0: Called Strike 2-1: Ball 3-1: Called Strike 3-2: Foul Ball, location: 2F 3-2: Foul Ball, location: 2F 3-2: Foul Ball, location: 2F 3-2: Base on Balls
|
Batting: SHB Nick Marshall
|
0-0: Ball 1-0: Ball 2-0: Reached on error, E6 (Groundball, 6) Wilson Flores to second
|
Batting: LHB Ricardo Brandariz
|
0-0: Ground out 5-3 (Groundball, 15S)
|
Top of the 1st over - 0 run(s), 0 hit(s), 1 error(s), 2 left on base; Cincinnati 0 - Minnesota 0 |
BOTTOM OF THE 1ST |
Minnesota Death Stars batting - Pitching for Cincinnati Pride : RHP Jesús Martínez
|
Pitching: RHP Jesús Martínez
|
|
Batting: RHB Soetsu Kaneko
|
0-0: Called Strike 0-1: Called Strike 0-2: Strikes out swinging
|
Batting: RHB Chet Decker
|
0-0: Foul Ball, location: 2F 0-1: Swinging Strike 0-2: Ball 1-2: Foul Ball, location: 2F 1-2: Ball 2-2: Fly out, F8 (Flyball, 8RXD)
|
Batting: LHB Chris Loudermilk
|
0-0: Ground out 4-3 (Groundball, 34)
|
Bottom of the 1st over - 0 run(s), 0 hit(s), 0 error(s), 0 left on base; Cincinnati 0 - Minnesota 0 |
TOP OF THE 2ND |
Cincinnati Pride batting - Pitching for Minnesota Death Stars : LHP Keith Jennings
|
Batting: RHB Randy Simons
|
0-0: Ball 1-0: Ball 2-0: Called Strike 2-1: Called Strike 2-2: Strikes out looking
|
Batting: RHB Pablo Gómez
|
0-0: Ball 1-0: Called Strike 1-1: SINGLE (Line Drive, 9LS)
|
Batting: RHB Larry Booth
|
0-0: Called Strike 0-1: Foul Ball, location: 2F 0-2: Ball 1-2: Grounds into double play, 6-4-3 (Groundball, 6)
|
Top of the 2nd over - 0 run(s), 1 hit(s), 0 error(s), 0 left on base; Cincinnati 0 - Minnesota 0 |
BOTTOM OF THE 2ND |
Minnesota Death Stars batting - Pitching for Cincinnati Pride : RHP Jesús Martínez
|
Batting: RHB Herb Ashley
|
0-0: Called Strike 0-1: Ball 1-1: Called Strike 1-2: Foul Ball, location: 2F 1-2: Ball 2-2: Ball 3-2: Foul Ball, location: 2F 3-2: Strikes out swinging
|
Batting: RHB Jorge Martínez
|
0-0: Ball 1-0: Ball 2-0: Called Strike 2-1: Foul Ball, location: 2F 2-2: Ball 3-2: Base on Balls
|
Batting: RHB Pedro Rosado
|
0-0: Called Strike Jorge Martínez steals 2nd base 0-1: Called Strike 0-2: Strikes out swinging
|
Batting: SHB Boys van der Lack
|
0-0: Ball 1-0: Ball 2-0: Called Strike 2-1: Called Strike 2-2: Ball 3-2: Foul Ball, location: 2F 3-2: SINGLE (Line Drive, 6M) Jorge Martínez to third Jorge Martínez scores
|
Batting: RHB José Pérez
|
0-0: Ball 1-0: Called Strike 1-1: Called Strike 1-2: Foul Ball, location: 2F 1-2: Strikes out swinging
|
Bottom of the 2nd over - 1 run(s), 1 hit(s), 0 error(s), 1 left on base; Cincinnati 0 - Minnesota 1 |
TOP OF THE 3RD |
Cincinnati Pride batting - Pitching for Minnesota Death Stars : LHP Keith Jennings
|
Batting: RHB Norris Howard
|
0-0: Called Strike 0-1: Foul Ball, location: 2F 0-2: Strikes out swinging
|
Batting: RHB Roberto Chávez
|
0-0: SINGLE (Groundball, 56D)
|
Batting: RHB Leonardo Pinto
|
0-0: Foul Ball, location: 2F 0-1: Swinging Strike 0-2: Ball 1-2: SINGLE (Groundball, 4MS) Roberto Chávez to second
|
Batting: RHB Wilson Flores
|
0-0: Fly out, F8 (Flyball, 8LM)
|
Batting: SHB Nick Marshall
|
0-0: Ball 1-0: Called Strike 1-1: Ball 2-1: SINGLE (Groundball, 25) (infield hit) Roberto Chávez to third Leonardo Pinto to second
|
Batting: LHB Ricardo Brandariz
|
0-0: Called Strike 0-1: Foul Ball, location: 2F 0-2: Strikes out swinging
|
Top of the 3rd over - 0 run(s), 3 hit(s), 0 error(s), 3 left on base; Cincinnati 0 - Minnesota 1 |
BOTTOM OF THE 3RD |
Minnesota Death Stars batting - Pitching for Cincinnati Pride : RHP Jesús Martínez
|
Batting: LHB Alberto Medine
|
0-0: SINGLE (Groundball, 3D)
|
Batting: RHB Soetsu Kaneko
|
0-0: Swinging Strike 0-1: Foul Ball, location: 2F 0-2: Strikes out swinging
|
Batting: RHB Chet Decker
|
0-0: Called Strike 0-1: Swinging Strike 0-2: Foul Ball, location: 2F 0-2: Ball 1-2: Foul Ball, location: 2F 1-2: Foul Ball, location: 2F 1-2: Ball 2-2: Strikes out swinging
|
Batting: LHB Chris Loudermilk
|
0-0: Ball 1-0: Foul Ball, location: 2F 1-1: Ball 2-1: Foul Ball, location: 2F 2-2: Foul Ball, location: 2F 2-2: Ball 3-2: Strikes out swinging
|
Bottom of the 3rd over - 0 run(s), 1 hit(s), 0 error(s), 1 left on base; Cincinnati 0 - Minnesota 1 |
TOP OF THE 4TH |
Cincinnati Pride batting - Pitching for Minnesota Death Stars : LHP Keith Jennings
|
Batting: RHB Randy Simons
|
0-0: Foul Ball, location: 2F 0-1: Ball 1-1: SINGLE (Groundball, 6MD)
|
Batting: RHB Pablo Gómez
|
0-0: Ball 1-0: Called Strike 1-1: Foul Ball, location: 2F 1-2: Fly out, F8 (Flyball, 8LM)
|
Batting: RHB Larry Booth
|
0-0: Ball 1-0: Swinging Strike 1-1: Swinging Strike 1-2: Foul Ball, location: 2F 1-2: Ball 2-2: Foul Ball, location: 2F 2-2: Strikes out swinging
|
Batting: RHB Norris Howard
|
0-0: Ball 1-0: Foul Ball, location: 2F 1-1: Ball 2-1: Swinging Strike 2-2: Ball 3-2: Foul Ball, location: 2F 3-2: Base on Balls Randy Simons to second
|
Pitching: RHP Jacob Christian
|
|
Batting: RHB Roberto Chávez
|
0-0: Foul Ball, location: 2F 0-1: Swinging Strike 0-2: Ball 1-2: Ball 2-2: Foul Ball, location: 2F 2-2: Foul Ball, location: 2F 2-2: Strikes out swinging
|
Top of the 4th over - 0 run(s), 1 hit(s), 0 error(s), 2 left on base; Cincinnati 0 - Minnesota 1 |
BOTTOM OF THE 4TH |
Minnesota Death Stars batting - Pitching for Cincinnati Pride : RHP Jesús Martínez
|
Batting: RHB Herb Ashley
|
0-0: Ball 1-0: Foul Ball, location: 2F 1-1: Foul Ball, location: 2F 1-2: SINGLE (Flyball, 78M)
|
Batting: RHB Jorge Martínez
|
0-0: Called Strike 0-1: Foul Ball, location: 2F 0-2: Ball 1-2: Strikes out swinging
|
Batting: RHB Pedro Rosado
|
0-0: Swinging Strike 0-1: Foul Ball, location: 2F 0-2: Strikes out swinging
|
Batting: SHB Boys van der Lack
|
0-0: Called Strike 0-1: Swinging Strike 0-2: Strikes out swinging
|
Bottom of the 4th over - 0 run(s), 1 hit(s), 0 error(s), 1 left on base; Cincinnati 0 - Minnesota 1 |
TOP OF THE 5TH |
Cincinnati Pride batting - Pitching for Minnesota Death Stars : RHP Jacob Christian
|
Batting: RHB Leonardo Pinto
|
0-0: Ball 1-0: Ball 2-0: Called Strike 2-1: Fly out, F8 (Flyball, 8RM)
|
Batting: RHB Wilson Flores
|
0-0: Foul Ball, location: 2F 0-1: Called Strike 0-2: Ball 1-2: Strikes out swinging
|
Batting: SHB Nick Marshall
|
0-0: Ball 1-0: Called Strike 1-1: Ball 2-1: Ball 3-1: SINGLE (Line Drive, 78S)
|
Batting: LHB Ricardo Brandariz
|
0-0: Ball 1-0: Ball 2-0: Ball 3-0: Called Strike 3-1: Base on Balls Nick Marshall to second
|
Batting: RHB Randy Simons
|
0-0: Foul Ball, location: 2F 0-1: Ball 1-1: Fly out, F8 (Flyball, 89XD)
|
Top of the 5th over - 0 run(s), 1 hit(s), 0 error(s), 2 left on base; Cincinnati 0 - Minnesota 1 |
BOTTOM OF THE 5TH |
Minnesota Death Stars batting - Pitching for Cincinnati Pride : RHP Jesús Martínez
|
Batting: RHB José Pérez
|
0-0: Hit by Pitch
|
Batting: LHB Alberto Medine
|
0-0: Ball 1-0: Foul Ball, location: 2F 1-1: Foul Ball, location: 2F 1-2: Ball 2-2: Foul Ball, location: 2F 2-2: Foul Ball, location: 2F 2-2: Strikes out swinging
|
Batting: RHB Soetsu Kaneko
|
0-0: Called Strike 0-1: Swinging Strike 0-2: Strikes out swinging
|
Batting: RHB Chet Decker
|
0-0: Called Strike 0-1: Called Strike 0-2: Foul Ball, location: 2F 0-2: Ball José Pérez steals 2nd base 1-2: Ball 2-2: Strikes out swinging
|
Bottom of the 5th over - 0 run(s), 0 hit(s), 0 error(s), 1 left on base; Cincinnati 0 - Minnesota 1 |
TOP OF THE 6TH |
Cincinnati Pride batting - Pitching for Minnesota Death Stars : RHP Jacob Christian
|
Batting: RHB Pablo Gómez
|
0-0: Ball 1-0: Ball 2-0: Foul Ball, location: 2F 2-1: Ball 3-1: Foul Ball, location: 2F 3-2: Base on Balls
|
Pitching: LHP Mike Murray
|
|
Batting: RHB Larry Booth
|
0-0: Ball 1-0: SINGLE (Groundball, 15) (infield hit) Pablo Gómez to second
|
Batting: RHB Norris Howard
|
0-0: Ball 1-0: Ball 2-0: Foul Ball, location: 2F 2-1: Foul Ball, location: 2F 2-2: Strikes out swinging
|
Batting: RHB Roberto Chávez
|
0-0: Swinging Strike 0-1: Ball 1-1: Swinging Strike 1-2: Foul Ball, location: 2F 1-2: Ball 2-2: Strikes out looking
|
Batting: RHB Leonardo Pinto
|
0-0: Ball 1-0: Ball 2-0: Ball 3-0: Called Strike 3-1: Foul Ball, location: 2F 3-2: Ground out 6-3 (Groundball, 6M)
|
Top of the 6th over - 0 run(s), 1 hit(s), 0 error(s), 2 left on base; Cincinnati 0 - Minnesota 1 |
BOTTOM OF THE 6TH |
Minnesota Death Stars batting - Pitching for Cincinnati Pride : RHP Jesús Martínez
|
Pitching: RHP Tomás Pagán
|
|
Batting: LHB Chris Loudermilk
|
0-0: Ball 1-0: Ball 2-0: Foul Ball, location: 2F 2-1: Swinging Strike 2-2: Strikes out swinging
|
Batting: RHB Herb Ashley
|
0-0: Ball 1-0: Ball 2-0: Ball 3-0: Swinging Strike 3-1: Base on Balls
|
Batting: RHB Jorge Martínez
|
0-0: Fly out, F9 (Flyball, 89M)
|
Batting: RHB Pedro Rosado
|
0-0: Called Strike 0-1: Swinging Strike 0-2: Ball 1-2: Strikes out swinging
|
Bottom of the 6th over - 0 run(s), 0 hit(s), 0 error(s), 1 left on base; Cincinnati 0 - Minnesota 1 |
TOP OF THE 7TH |
Cincinnati Pride batting - Pitching for Minnesota Death Stars : LHP Mike Murray
|
Batting: RHB Wilson Flores
|
0-0: Ball 1-0: Ground out 5-3 (Groundball, 5S)
|
Batting: SHB Nick Marshall
|
0-0: SINGLE (Groundball, 4MD)
|
Pinch Hitting: RHB Jonas Uttley
|
0-0: Ball 1-0: Fly out, F9 (Flyball, 89S)
|
Batting: RHB Randy Simons
|
0-0: Called Strike 0-1: Ball 1-1: Ball 2-1: Foul Ball, location: 2F 2-2: Foul Ball, location: 2F 2-2: Foul Ball, location: 2F 2-2: Ball 3-2: Base on Balls Nick Marshall to second
|
Batting: RHB Pablo Gómez
|
0-0: Ground out 1-3 (Groundball, 13S)
|
Top of the 7th over - 0 run(s), 1 hit(s), 0 error(s), 2 left on base; Cincinnati 0 - Minnesota 1 |
BOTTOM OF THE 7TH |
Minnesota Death Stars batting - Pitching for Cincinnati Pride : RHP Tomás Pagán
|
Now in RF: Jonas Uttley
|
|
Batting: SHB Boys van der Lack
|
0-0: Called Strike 0-1: Fly out, F8 (Flyball, 8LM)
|
Batting: RHB José Pérez
|
0-0: SINGLE (Groundball, 34)
|
Batting: LHB Alberto Medine
|
0-0: Ball 1-0: Foul Ball, location: 2F 1-1: Called Strike 1-2: Strikes out swinging José Pérez steals 2nd base Batter strikes out.
|
Batting: RHB Soetsu Kaneko
|
0-0: Ball 1-0: Foul Ball, location: 2F 1-1: Foul Ball, location: 2F 1-2: Ball 2-2: Foul Ball, location: 2F 2-2: Strikes out swinging
|
Bottom of the 7th over - 0 run(s), 1 hit(s), 0 error(s), 1 left on base; Cincinnati 0 - Minnesota 1 |
TOP OF THE 8TH |
Cincinnati Pride batting - Pitching for Minnesota Death Stars : LHP Mike Murray
|
Pitching: RHP Travis Whitney
|
|
Batting: RHB Larry Booth
|
0-0: Called Strike 0-1: Fly out, F2 (Popup, 3SF)
|
Pitching: RHP John Thompson
|
|
Batting: RHB Norris Howard
|
0-0: Ball 1-0: Swinging Strike 1-1: SINGLE (Line Drive, 56D)
|
Batting: RHB Roberto Chávez
|
0-0: Ball 1-0: Grounds into double play, 1-6-3 (Groundball, 15)
|
Top of the 8th over - 0 run(s), 1 hit(s), 0 error(s), 0 left on base; Cincinnati 0 - Minnesota 1 |
BOTTOM OF THE 8TH |
Minnesota Death Stars batting - Pitching for Cincinnati Pride : RHP Tomás Pagán
|
Pitching: LHP Joseph Byrne
|
|
Batting: RHB Chet Decker
|
0-0: Called Strike 0-1: Swinging Strike 0-2: Foul Ball, location: 2F 0-2: Strikes out looking
|
Batting: LHB Chris Loudermilk
|
0-0: Ground out 4-3 (Groundball, 4)
|
Batting: RHB Herb Ashley
|
0-0: Ball 1-0: Foul Ball, location: 2F 1-1: Ball 2-1: Foul Ball, location: 2F 2-2: SINGLE (Groundball, 6MD)
|
Batting: RHB Jorge Martínez
|
0-0: Ball 1-0: Called Strike 1-1: Ground out 4-3 (Groundball, 4)
|
Bottom of the 8th over - 0 run(s), 1 hit(s), 0 error(s), 1 left on base; Cincinnati 0 - Minnesota 1 |
TOP OF THE 9TH |
Cincinnati Pride batting - Pitching for Minnesota Death Stars : RHP John Thompson
|
Pitching: RHP Domingo Rodríguez
|
|
Pinch Hitting: SHB Rafael Villa
|
0-0: Called Strike 0-1: Foul Ball, location: 2F 0-2: Foul Ball, location: 2F 0-2: SOLO HOME RUN (Flyball, 9D), Distance : 389 ft
|
Pinch Hitting: RHB Gabriel Villegas
|
0-0: Fly out, F3 (Popup, 3DF)
|
Batting: SHB Nick Marshall
|
0-0: Ball 1-0: SINGLE (Line Drive, 9LS)
|
Batting: RHB Jonas Uttley
|
0-0: Ball 1-0: Foul Ball, location: 2F 1-1: Foul Ball, location: 2F 1-2: Ball 2-2: SINGLE (Groundball, 25) (infield hit) Nick Marshall to second
|
Batting: RHB Randy Simons
|
0-0: Ground out 5-3 (Groundball, 56S) Nick Marshall to third Jonas Uttley to second
|
Pinch Hitting: LHB Wes Stone
|
0-0: Called Strike 0-1: Swinging Strike 0-2: Ball 1-2: Strikes out looking
|
Top of the 9th over - 1 run(s), 3 hit(s), 0 error(s), 2 left on base; Cincinnati 1 - Minnesota 1 |
BOTTOM OF THE 9TH |
Minnesota Death Stars batting - Pitching for Cincinnati Pride : LHP Joseph Byrne
|
Now at C: Gabriel Villegas
|
|
Now at 1B: Marvin Morris
|
|
Now at SS: Rafael Villa
|
|
Batting: RHB Pedro Rosado
|
0-0: Ball 1-0: Ball 2-0: Foul Ball, location: 2F 2-1: Fly out, F7 (Flyball, 7M)
|
Pinch Hitting: RHB Yaichiro Sugahara
|
0-0: Swinging Strike 0-1: Foul Ball, location: 2F 0-2: Ball 1-2: Ball 2-2: Ball 3-2: Fly out, F9 (Flyball, 9LS)
|
Batting: RHB José Pérez
|
0-0: Called Strike 0-1: Foul Ball, location: 2F 0-2: Foul Ball, location: 2F 0-2: Ball 1-2: Ground out 5-3 (Groundball, 56S)
|
Bottom of the 9th over - 0 run(s), 0 hit(s), 0 error(s), 0 left on base; Cincinnati 1 - Minnesota 1 |
TOP OF THE 10TH |
Cincinnati Pride batting - Pitching for Minnesota Death Stars : RHP Domingo Rodríguez
|
Now at 2B: Bryan MacGuffie
|
|
Pinch Hitting: LHB Pat White
|
0-0: Ball 1-0: Foul Ball, location: 2F 1-1: Ball 2-1: Called Strike 2-2: Ball 3-2: Strikes out looking
|
Pinch Hitting: SHB Larry Peterson
|
0-0: Called Strike 0-1: Foul Ball, location: 2F 0-2: Ball 1-2: Ball 2-2: Strikes out swinging
|
Batting: RHB Roberto Chávez
|
0-0: Ball 1-0: Swinging Strike 1-1: Fly out, F9 (Flyball, 9M)
|
Top of the 10th over - 0 run(s), 0 hit(s), 0 error(s), 0 left on base; Cincinnati 1 - Minnesota 1 |
BOTTOM OF THE 10TH |
Minnesota Death Stars batting - Pitching for Cincinnati Pride : LHP Joseph Byrne
|
Now at 3B: Álex Hernández
|
|
Now in LF: Pat White
|
|
Batting: LHB Alberto Medine
|
0-0: Called Strike 0-1: Foul Ball, location: 2F 0-2: SOLO HOME RUN (Flyball, 9D), Distance : 380 ft
|
|